 Dungeon Crawl Stone Soup version 0.23.2-1-ga50397a (webtiles) character file.

Game seed: 3889023814573041303

253 Wander the Skirmisher (level 6, 0/52 HPs)
             Began as a Human Wanderer on May 2, 2019.
             Slain by an ogre
             ... wielding a +0 giant club
              (11 damage)
             ... on level 3 of the Dungeon.
             The game lasted 00:05:24 (3144 turns).

Wander the Skirmisher (Human Wanderer)              Turns: 3144, Time: 00:05:25

Health: 0/52       AC:  8    Str: 21    XL:     6   Next: 37%
Magic:  10/10      EV:  9    Int:  8    God:
Gold:   89         SH:  0    Dex: 14    Spells: 10/11 levels left

rFire    . . .     SeeInvis .   l - +0 spear
rCold    . . .     Gourm    .   (no shield)
rNeg     . . .     Faith    .   d - +2 scale mail
rPois    .         Spirit   .   (no helmet)
rElec    .         Reflect  .   (no cloak)
rCorr    +         Harm     .   (no gloves)
MR       .....                  (no boots)
Stlth    ..........             (no amulet)
HPRegen  0.17/turn              g - ring of resist corrosion
MPRegen  0.12/turn              i - +4 ring of strength

@: no status effects
A: no striking features
a: no special abilities


You were on level 3 of the Dungeon.
You were not hungry.

You visited 1 branch of the dungeon, and saw 3 of its levels.

You collected 89 gold pieces.

Inventory:

Hand Weapons
 a - a +0 club
 l - a +0 spear (weapon)
Missiles
 h - 5 tomahawks (quivered)
Armour
 d - a +2 scale mail (worn)
Magical Staves
 n - an uncursed staff of summoning
Jewellery
 g - a ring of resist corrosion (left hand)
 i - a +4 ring of strength (right hand)
Scrolls
 b - 2 scrolls of identify {unknown}
 c - 2 scrolls of remove curse {unknown}
 e - a scroll of teleportation {unknown}
 j - a scroll of fear {unknown}
 m - a scroll of magic mapping {unknown}
 o - a scroll of enchant armour {unknown}
 q - a scroll of immolation {unknown}
Potions
 k - a potion of flight {unknown}
Comestibles
 f - 5 rations
 p - 2 chunks of flesh


   Skills:
 + Level 6.2 Fighting
   Level 2.0 Axes
 - Level 2.0 Throwing
 - Level 1.0 Armour
 - Level 3.0 Spellcasting


You had 10 spell levels left.
You knew the following spells:

 Your Spells              Type           Power        Failure   Level  Hunger
a - Apportation           Tloc           #.....       65%         1    ##.....

Your spell library contained the following spells:

 Spells                   Type           Power        Failure   Level  Hunger
 Passwall                 Tmut/Erth      #.......     80%         2    ###....
 Sticks to Snakes         Tmut           #.......     80%         2    ###....
 Gell's Gravitas          Tloc           #.........   95%         3    ####...


Dungeon Overview and Level Annotations

Branches:
Dungeon (3/15)

Altars:
Ashenzari
Hepliaklqana
Yredelemnul

Annotations:
D:3 Sigmund


Message History

You hit the ogre but do no damage.
The ogre is severely wounded.
The ogre hits you with a +0 giant club!
You are too injured to fight recklessly!
You are too injured to fight recklessly!
You are too injured to fight recklessly!
You are too injured to fight recklessly!
You are too injured to fight recklessly!
You are too injured to fight recklessly!
An ogre is nearby!
You hit the ogre.
The ogre is severely wounded.
The ogre hits you with a +0 giant club!
* * * LOW HITPOINT WARNING * * *
You hit the ogre but do no damage.
The ogre is severely wounded.
You hit the ogre.
The ogre is almost dead.
The ogre hits you with a +0 giant club!
You die...

.... #.#.#.#.#
#...
#######.#..(..#
#..###
#.....#÷###.###
#..†.#
#.....'.# #.#
#.# #.....###
#.# #.# #.....#
#.# #.# #.....#
#.# #.###.....#
#.# #.O@......#
#.# ###########
#.# #.# #.# #.#
#.# #######.
#.# ........
#.# .......#
#.#


You could see an ogre.

Vanquished Creatures
  A centaur (D:2)
  An orc priest (D:2)
  An orc wizard (D:3)
  5 adders
  3 leopard geckos
  4 orcs (D:3)
  6 bats
  3 giant cockroaches
  7 hobgoblins
  6 jackals
  2 quokkas (D:2)
  A ball python (D:1)
  5 frilled lizards
  7 goblins
  9 kobolds
  11 rats
72 creatures vanquished.

Notes
Turn   | Place    | Note
-------+----------+-------------------------------------------
     0 | D:1      | Wander the Human Wanderer began the quest for the Orb.
     0 | D:1      | Wander set off with the following items: a +0 club, a +2
                  | scale mail, a ration; and the following spell memorised:
                  | Apportation; and the following spells available to
                  | memorise: Passwall, Sticks to Snakes, Gell's Gravitas
     0 | D:1      | Reached XP level 1. HP: 16/16 MP: 4/4
   283 | D:1      | Reached XP level 2. HP: 18/23 MP: 6/6
   450 | D:1      | Reached skill level 3 in Fighting
   678 | D:1      | Reached XP level 3. HP: 22/29 MP: 7/7
  1503 | D:2      | Reached skill level 4 in Fighting
  1503 | D:2      | Reached XP level 4. HP: 28/37 MP: 8/8
  1532 | D:2      | Found a shattered altar of Ashenzari.
  1819 | D:2      | Noticed a centaur
  1839 | D:2      | Killed a centaur
  1839 | D:2      | Reached skill level 5 in Fighting
  1839 | D:2      | Reached XP level 5. HP: 9/44 MP: 9/9
  2348 | D:2      | Found a basalt altar of Yredelemnul.
  2355 | D:2      | Found a hazy altar of Hepliaklqana.
  2536 | D:3      | Noticed Sigmund
  2625 | D:2      | Reached XP level 6. HP: 42/52 MP: 10/10
  2691 | D:3      | Reached skill level 6 in Fighting
  3129 | D:3      | Noticed an ogre
  3144 | D:3      | Slain by an ogre

Skill      XL: |  1  2  3  4  5  6 |
---------------+-------------------+-----
Fighting       | 3 4 5 6 |  6.2
Axes           | |  2.0
Throwing       | |  2.0
Armour         | |  1.0
Spellcasting   | |  3.0

Action                   |  1- 3 |  4- 6 || total
-------------------------+-------+-------++-------
Melee: Club              |   199 |       ||   199
       Spear             |    17 |   172 ||   189
  Eat: Chunk             |     2 |     6 ||     8
Armor: Scale mail        |   204 |    62 ||   266
Dodge: Dodged            |   166 |    58 ||   224
